 Dungeon Crawl Stone Soup version 0.29-a0-284-gf9362112df (webtiles) character file.

Game seed: 9400003474761050362

40 juncz the Chiller (level 3, -5/28 HPs)
             Began as a Draconian Ice Elementalist on Mar 19, 2022.
             Killed by divine providence
             ... invoked by an orc priest
              (12 damage)
             ... on level 3 of the Dungeon.
             The game lasted 00:05:29 (1834 turns).

juncz the Chiller (Draconian Ice Elementalist)      Turns: 1834, Time: 00:05:29

Health: -5/28      AC:  6    Str: 10    XL:     3   Next: 30%
Magic:  1/6        EV: 12    Int: 17    God:
Gold:   91         SH:  0    Dex: 11    Spells: 3/7 levels left

rFire   + . .      SeeInvis .   f - +0 trident
rCold   + . .      Faith    .   (no shield)
rNeg    . . .      Spirit   .   (body armour unavailable)
rPois   .          Reflect  .   (helmet restricted)
rElec   .          Harm     .   i - scarf {rC+ rF+}
rCorr   .          Rampage  .   e - +0 pair of gloves
Will    .....                   (no boots)
Stlth   ++........              (no amulet)
HPRegen 0.09/turn               (no ring)
MPRegen 0.10/turn               (no ring)

@: no status effects
A: AC +5, unfitting armour, cold-blooded
a: no special abilities


You were on level 3 of the Dungeon.
You visited 1 branch of the dungeon, and saw 3 of its levels.

You collected 91 gold pieces.

Inventory:

Hand Weapons
 c - a +0 whip
 f - a +0 trident (weapon)
Missiles
 b - 86 stones (quivered)
Armour
 e - a +0 pair of gloves (worn)
 i - a scarf of resistance (worn)
Scrolls
 j - a scroll of identify {unknown}
Potions
 a - a potion of magic
 d - a potion of haste {unknown}
 g - a potion of berserk rage {unknown}
 h - 2 potions of lignification {unknown}


   Skills:
 + Level 1.0 Fighting
 - Level 1.9 Dodging
 - Level 1.9 Stealth
 - Level 2.6 Spellcasting
 - Level 4.4 Ice Magic


You had 3 spell levels left.
You knew the following spells:

 Your Spells              Type           Power      Damage    Failure   Level
a - Freeze                Ice            68%        1d8       3%          1
b - Frozen Ramparts       Ice            34%        1d5       9%          3

Your spell library contained the following spells:

 Spells                   Type           Power      Damage    Failure   Level
 Ozocubu's Armour         Ice            17%        N/A       9%          3
 Hailstorm                Conj/Ice       9%         3d4       58%         4


Dungeon Overview and Level Annotations

Branches:
Dungeon (3/15)

Altars:


Innate Abilities, Weirdness & Mutations

Your plain brown scales are hard. (AC +5)
You cannot fit into any form of body armour.
You are cold-blooded and may be slowed by cold attacks.


Message History

Aiming: Freeze (safe; 3% risk of failure)
Press: ? - help, Shift-Dir - straight line, f/p - orc priest
Aim: an orc priest, wielding a +0 short sword and wearing a +0 leather armour of poison resistance (moderately wounded)
You freeze the orc priest.
The orc priest is heavily wounded.
The orc shouts!
An orc priest comes into view. It is wielding a +0 short sword.
The orc priest closely misses you. The orc closely misses you.
Casting: Freeze (safe; 3% risk of failure)
Confirm with . or Enter, or press ? or * to list all spells.
Aiming: Freeze (safe; 3% risk of failure)
Press: ? - help, Shift-Dir - straight line, f/p - orc priest
Aim: an orc priest, wielding a +0 short sword and wearing a +0 leather armour of poison resistance (heavily wounded)
You freeze the orc priest.
The orc priest is severely wounded.
The orc priest calls down the wrath of Beogh upon you.
Beogh smites you!
The orc priest hits you with a +0 short sword.
An orc priest comes into view. It is wielding a +0 club.
The orc hits you with a +0 mace.
* * * LOW HITPOINT WARNING * * *
Casting: Freeze (safe; 3% risk of failure)
Confirm with . or Enter, or press ? or * to list all spells.
Aiming: Freeze (safe; 3% risk of failure)
Press: ? - help, Shift-Dir - straight line, f/p - orc priest
Aim: an orc priest, wielding a +0 short sword and wearing a +0 leather armour of poison resistance (severely wounded)
You freeze the orc priest.
The orc priest is almost dead.
The orc priest barely misses you. The orc closely misses you.
Casting: Freeze (safe; 3% risk of failure)
Confirm with . or Enter, or press ? or * to list all spells.
You don't have enough magic to cast this spell.
The frilled lizard closely misses you.
The orc priest miscasts a cantrip.
You hit the orc priest but do no damage.
Your tail-slap misses the orc priest.
The orc priest is almost dead.
The orc priest calls down the wrath of Beogh upon you.
Beogh smites you!
You die...

#.....................
#.....#####....!...#
#.....# #........###
#...### #..........# .
#...# #......).#....
#...# #......).##...
#...# ######.........
##...#
##...#..........
....)#
#......@........
######
......olo.......
......=..o[....#
...............#
#...............
#....#......>...
#.######.....o.. ##
#...###o# #$.## .#


You could see 3 orc priests, 2 orcs and a frilled lizard.

Vanquished Creatures
  A dart slug (D:1)
  3 orcs (D:3)
  4 ball pythons
  3 endoplasms
  4 giant cockroaches
  3 hobgoblins (D:1)
  A quokka (D:2)
  3 bats
  3 frilled lizards
  A goblin (D:2)
  4 kobolds
  3 rats
33 creatures vanquished.

Notes
Turn   | Place    | Note
-------+----------+-------------------------------------------
     0 | D:1      | juncz the Draconian Ice Elementalist began the quest for
                  | the Orb.
     0 | D:1      | Reached XP level 1. HP: 14/14 MP: 3/3
   443 | D:1      | Reached XP level 2. HP: 20/20 MP: 3/5
   940 | D:1      | Found a faded altar of an unknown god.
  1592 | D:2      | Reached XP level 3. HP: 26/26 MP: 6/6
  1649 | D:2      | Learned a level 3 spell: Frozen Ramparts
  1812 | D:3      | Reached skill level 1 in Fighting
  1834 | D:3      | Killed from afar by an orc priest

Illustrated notes

Levels and vault maps discovered:
D:1:      dpeg_arrival_snail, layout_basic, shapermc_ecumenical_altar_gd
D:2:      minmay_door_path, layout_loops_cross
D:3:      layout_rooms, mainiacjoe_overflow_alcove_4, nrook_campfire,
          goddamned_bats

Skill      XL: |  1  2  3 |
---------------+----------+-----
Fighting       | 1 |  1.0
Dodging        | |  1.9
Stealth        | |  1.9
Spellcasting   | |  2.6
Ice Magic      | |  4.4

Action                   || total
-------------------------++-------
Melee: Unarmed           ||     3
       Trident           ||    37
       Tailslap          ||     1
Throw: Stone             ||     3
 Cast: Freeze            ||    37
 Stab: Sleeping          ||     2
Armor: Skin              ||    16
Dodge: Dodged            ||    30

Table legend: (Time is in decaauts)
 A = Elapsed time spent in this place.
 B = Non-inter-level travel time spent in this place.
 C = Inter-level travel time spent in this place.
 D = Time resting spent in this place.
 E = Time spent auto-exploring this place.
 F = Levels seen in this place.
 G = Mean time per level.
                   A        B        C        D        E       F      G
               +--------+--------+--------+--------+--------+-----+--------+
         Total |   1846 |   1717 |    129 |      0 |   1457 |   3 |  615.3 |
       Dungeon |   1846 |   1717 |    129 |      0 |   1457 |   3 |  615.3 |
               +--------+--------+--------+--------+--------+-----+--------+

Top non-repeatable levels by time:
     D:1: 1306 daAuts
     D:2: 470 daAuts
     D:3: 69 daAuts
